 Dungeon Crawl Stone Soup version 0.16.1-5-gaa23807 (webtiles) character file.

1829 cyrklecyde the Spear-Bearer (level 9, -1/68 HPs)
             Began as a Merfolk Gladiator on Mar 26, 2015.
             Slain by gw's ghost (19 damage)
             ... on level 9 of the Dungeon on Mar 28, 2015.
             The game lasted 00:18:10 (6526 turns).

cyrklecyde the Spear-Bearer (Merfolk Gladiator)     Turns: 6526, Time: 00:18:10

Health: -1/68      AC:  9    Str: 16    XL:     9   Next: 11%
Magic:  9/9        EV: 14    Int:  7    God:
Gold:   319        SH:  9    Dex: 17    Spells: 0 memorised, 8 levels left

rFire  . . .     SeeInvis .     a - +0 trident
rCold  . . .     Clarity  .     d - +2 robe {MR+}
rNeg   + . .     SustAb   .     q - +0 shield
rPois  .         Gourm    .     c - +0 helmet
rElec  .         Spirit   .     (no cloak)
rCorr  .         Warding  .     A - +1 pair of gloves
rMut   .         Stasis   .     (no boots)
MR     +....                    (no amulet)
Stlth  ++........               B - ring of positive energy
                                b - +2 ring of protection

@: somewhat resistant to hostile enchantments, unstealthy
A: change form in water, swift swim
a: no special abilities


You were on level 9 of the Dungeon.
You were near starving.

You visited 1 branch of the dungeon, and saw 7 of its levels.
You also visited: Ossuary.

You collected 319 gold pieces.

Inventory:

Hand weapons
 a - a +0 trident (weapon)
 C - the +4 arc blade {discharge, rElec}
   (You found it on level 5 of the Dungeon)

   It insulates you from electricity.
Missiles
 M - a throwing net (quivered)
Armour
 c - a +0 helmet (worn)
 d - a +2 robe of magic resistance (worn)
 g - a +0 chain mail
 m - a +0 pair of gloves
 q - a +0 shield (worn)
 A - a +1 pair of gloves (worn)
 K - a +0 buckler
Jewellery
 b - a +2 ring of protection (left hand)
 v - an uncursed ring of see invisible
 B - a ring of positive energy (right hand)
 L - a cursed amulet of inaccuracy {unknown}
Magical devices
 u - a wand of slowing (24)
 E - a wand of enslavement (7)
Scrolls
 e - a scroll of amnesia {unknown}
 h - 2 scrolls of teleportation
 j - 8 scrolls of identify
 w - 3 scrolls of remove curse
 z - a scroll of magic mapping {unknown}
 G - a scroll of immolation {unknown}
 I - a scroll of holy word {unknown}
Potions
 k - 2 potions of invisibility
 l - 3 potions of heal wounds
 n - a potion of mutation {unknown}
 o - 6 potions of might {unknown}
 p - 4 potions of brilliance {unknown}
 r - 2 potions of agility {unknown}
 t - a potion of lignification {unknown}
 D - 3 potions of berserk rage {unknown}
 F - 2 potions of curing {unknown}
 H - a potion of flight {unknown}
 N - a potion of haste {unknown}
 O - a potion of ambrosia {unknown}
Books
 x - a book of Transfigurations

   Spells                             Type                      Level
   a - Stoneskin                      Transmutation/Earth          2
   b - Irradiate                      Conjuration/Transmutation    5
   c - Statue Form                    Transmutation/Earth          6
   d - Hydra Form                     Transmutation                6
   e - Dragon Form                    Transmutation                7
 y - a book of Dreams

   Spells                             Type                      Level
   a - Ensorcelled Hibernation        Hexes/Ice                    2
   b - Flight                         Charms/Air                   3
   c - Phase Shift                    Translocation                5
   d - Shadow Creatures               Summoning                    5
   e - Mass Confusion                 Hexes                        6
   f - Darkness                       Hexes                        7
 J - a book of Envenomations

   Spells                             Type                      Level
   a - Spider Form                    Transmutation/Poison         3
   b - Alistair's Intoxication        Transmutation/Poison         4
   c - Olgreb's Toxic Radiance        Poison                       4
   d - Poisonous Cloud                Conjuration/Poison/Air       6
Comestibles
 f - 3 bread rations
 i - 2 beef jerkies
 s - a royal jelly


   Skills:
 + Level 5.0 Fighting
 + Level 12.1 Polearms
 - Level 2.0 Throwing
 + Level 2.4 Armour
 + Level 6.6 Dodging
 + Level 4.0 Shields


You had 8 spell levels left.
You didn't know any spells.

Dungeon Overview and Level Annotations

Branches:
Dungeon (9/15)
 Temple: D:4-7         Lair: D:8-11         Orc: D:9-12

Altars:
Cheibriados
Gozag
Makhleb
Sif Muna
Xom

Shops:
D:2 *

Annotations:
D:9 gw's ghost, experienced DDGl


Message History

Gw's ghost is lightly damaged.
The jackal bites you but does no damage.
You block gw's ghost's attack.
You closely miss gw's ghost.
Gw's ghost is lightly damaged.
The jackal barely misses you. Gw's ghost hits you!
You hit gw's ghost.
Gw's ghost is lightly damaged.
The jackal barely misses you.
Your shield prevents you from hitting gw's ghost.
Gw's ghost is lightly damaged.
The jackal completely misses you. You block gw's ghost's attack.
You hit gw's ghost but do no damage.
Gw's ghost is lightly damaged.
The jackal misses you. Gw's ghost hits you!!
* * * LOW HITPOINT WARNING * * *
You barely miss gw's ghost.
Gw's ghost is lightly damaged.
You block the jackal's attack. Gw's ghost hits you!!
You die...

###########
.........#
#.......# #######
#(......###......
#.......)........
#........########
### #........#
......###.)......#
......DW@#######.#
..#.#.##h# #.# #.#
#.# ... #># #.#
#.# ... #.# ...
...


You could see a mottled dragon, gw's ghost and a jackal.

Vanquished Creatures
  Pikel (D:6)
  A hippogriff (D:5)
  Menkaure (Ossuary)
  An ogre (D:5)
  The ghost of isthmus the Chopper, an average CeCK of Xom (D:3)
  2 phantoms (D:4)
  Duvessa (D:6)
  2 goliath beetles
  Dowan (D:6)
  4 hounds (D:4)
  An iguana (D:9)
  A human zombie (D:6)
  4 orc priests
  3 orc wizards
  3 worker ants
  Ijyb (D:3)
  Terence (D:2)
  2 mummies (Ossuary)
  4 adders
  2 giant mites
  3 worms
  An adder zombie (D:6)
  3 giant geckos
  An ooze (D:1)
  6 orcs
  A bat skeleton (D:4)
  12 hobgoblins
  12 jackals
  7 kobolds
  2 quokkas (D:3)
  10 bats
  4 giant cockroaches
  8 giant newts
  A giant spore (D:9)
  2 gnoll skeletons (Ossuary)
  3 gnoll zombies (Ossuary)
  7 goblins
  4 goblin zombies (Ossuary)
  3 hobgoblin skeletons (Ossuary)
  6 hobgoblin zombies
  A jackal zombie (D:6)
  5 kobold skeletons (Ossuary)
  2 orc skeletons (Ossuary)
  2 orc zombies (Ossuary)
  8 rats
  2 rat skeletons (Ossuary)
  A rat zombie (Ossuary)
154 creatures vanquished.

Vanquished Creatures (others)
  A slave (D:6)
  A mummy (Ossuary)
  An orc (D:6)
  A giant newt (D:6)
  2 gnoll skeletons (Ossuary)
  2 gnoll zombies (Ossuary)
  A goblin skeleton (Ossuary)
  2 goblin zombies (Ossuary)
  A hobgoblin skeleton (Ossuary)
  2 hobgoblin zombies (Ossuary)
  4 kobold skeletons (Ossuary)
  A kobold zombie (Ossuary)
  2 orc skeletons (Ossuary)
  A rat skeleton (Ossuary)
  3 rat zombies (Ossuary)
  A ballistomycete (D:9)
26 creatures vanquished.

Grand Total: 180 creatures vanquished

Notes
Turn   | Place    | Note
--------------------------------------------------------------
     0 | D:1      | cyrklecyde, the Merfolk Gladiator, began the quest for the Orb.
     0 | D:1      | Reached XP level 1. HP: 16/16 MP: 1/1
   237 | D:1      | Reached XP level 2. HP: 22/22 MP: 2/2
   347 | D:1      | Reached skill level 5 in Polearms
   901 | D:1      | Reached XP level 3. HP: 27/27 MP: 3/3
  1015 | D:1      | Reached skill level 6 in Polearms
  1454 | D:2      | Found Gozag's Platinum Reserve.
  1456 | D:2      | Found an opulent altar of Gozag.
  1480 | D:2      | Noticed Terence
  1491 | D:2      | Killed Terence
  1491 | D:2      | Reached XP level 4. HP: 19/33 MP: 4/4
  1628 | D:2      | Reached skill level 7 in Polearms
  1903 | D:3      | Noticed Ijyb
  1931 | D:3      | Killed Ijyb
  2028 | D:3      | Reached skill level 8 in Polearms
  2028 | D:3      | Reached XP level 5. HP: 11/38 MP: 5/5
  2044 | D:3      | Noticed isthmus' ghost (average CeCK)
  2266 | D:3      | Found a burning altar of Makhleb.
  2282 | D:3      | Found an opulent altar of Gozag.
  2354 | D:3      | Killed isthmus' ghost
  2354 | D:3      | Reached skill level 9 in Polearms
  2468 | D:3      | Reached XP level 6. HP: 44/44 MP: 6/6
  2603 | D:3      | Found a shimmering altar of Xom.
  2686 | D:3      | Found a deep blue altar of Sif Muna.
  3350 | D:4      | Reached skill level 10 in Polearms
  3729 | D:4      | Reached XP level 7. HP: 43/50 MP: 7/7
  4128 | D:4      | Reached skill level 11 in Polearms
  4128 | D:4      | Reached skill level 1 in Shields
  4554 | D:5      | Entered Level 5 of the Dungeon
  4649 | D:5      | Noticed a hippogriff
  4665 | D:5      | Killed a hippogriff
  4665 | D:5      | Reached skill level 1 in Armour
  5147 | D:5      | Reached skill level 5 in Dodging
  5308 | D:5      | Reached XP level 8. HP: 34/58 MP: 8/8
  5404 | D:6      | Found a sand-covered staircase.
  5473 | Ossuary  | Entered an ossuary
  5729 | Ossuary  | Noticed Menkaure
  5737 | Ossuary  | Killed Menkaure
  5889 | D:6      | Noticed Pikel
  5910 | D:6      | Killed Pikel
  5936 | D:6      | Noticed Duvessa
  5936 | D:6      | Noticed Dowan
  5959 | D:6      | Killed Duvessa
  5959 | D:6      | Reached skill level 12 in Polearms
  5966 | D:6      | Killed Dowan
  6163 | D:6      | Reached XP level 9. HP: 44/66 MP: 9/9
  6229 | D:6      | Upgraded the game from 0.16.1-4-g8e1b745 to 0.16.1-5-gaa23807
  6296 | D:6      | Found a snail-covered altar of Cheibriados.
  6467 | D:6      | You fall through a shaft!
  6492 | D:9      | Reached skill level 5 in Fighting
  6504 | D:9      | Noticed gw's ghost (experienced DDGl)
  6526 | D:9      | Slain by gw's ghost

Action                   |  1- 3 |  4- 6 |  7- 9 || total
-------------------------+-------+-------+-------++-------
Melee: Trident           |   121 |   235 |   412 ||   768
Throw: Throwing net      |       |     2 |     3 ||     5
  Use: Scroll            |       |       |     3 ||     3
       Potion            |       |       |     1 ||     1
 Stab: Held in net/web   |       |     3 |     3 ||     6
       Distracted        |       |       |     1 ||     1
       Sleeping          |       |       |     1 ||     1
  Eat: Chunk             |     2 |     6 |     9 ||    17
